 Dungeon Crawl Stone Soup version 0.30-a0-728-gc68057be0a (webtiles) character file.

Game seed: 6901936775814976856

647 Laraso the Slasher (level 7, 0/57 HPs)
             Began as a White Draconian Chaos Knight on Jan 30, 2023.
             Was a Plaything of Xom.
             Slain by Pikel
             ... wielding a +1 whip of flaming
              (2 damage)
             ... on level 2 of the Dungeon.
             The game lasted 00:05:10 (3225 turns).

Laraso the Slasher (White Draconian Chaos Knight)   Turns: 3225, Time: 00:05:10

Health: 0/57       AC:  7    Str: 14    XL:     7   Next: 27%
Magic:  7/7        EV: 13    Int: 13    God:    Xom [....*.]
Gold:   203        SH:  0    Dex: 12    Spells: 6/6 levels left

rFire   . . .      SeeInvis .    a - +1 falchion (chaos)
rCold   + . .      Faith    .    (no shield)
rNeg    . . .      Spirit   .    (body armour unavailable)
rPois   .          Reflect  .    (helmet restricted)
rElec   .          Harm     .    (no cloak)
rCorr   +          Rampage  .    f - +0 pair of gloves
Will    .....                    (no boots)
Stlth   +                        (no amulet)
HPRegen 0.29/turn                d - ring of resist corrosion
MPRegen 0.10/turn                (no ring)

@: mighty, short of breath
A: breathe frost, AC +6, unfitting armour, cold resistance 1, cold-blooded
a: Breathe Frost, Renounce Religion


You were on level 2 of the Dungeon.
You worshipped Xom.
You were a beloved toy of Xom.
You visited 1 branch of the dungeon, and saw 5 of its levels.

You collected 203 gold pieces.

Inventory:

Hand Weapons
 a - a +1 falchion of chaos (weapon)
 l - a +2 great sword of freezing
Armour
 f - a +0 pair of gloves (worn)
Jewellery
 d - a ring of resist corrosion (left hand)
 m - a ring of protection from cold
Wands
 j - a wand of roots (8)
Scrolls
 k - a scroll of teleportation
Potions
 e - a potion of invisibility {unknown}
 h - a potion of attraction
 i - a potion of curing
Miscellaneous
 b - a piece from Xom's chessboard (15/15)


   Skills:
 - Level 3.2 Fighting
 * Level 7.1 Long Blades
 + Level 4.6 Dodging


You had 6 spell levels left.
You didn't know any spells.
Your spell library was empty.

Dungeon Overview and Level Annotations

Branches:
Dungeon (5/15)
 Temple: D:4-7

Altars:
Hepliaklqana
Vehumet

Shops:
D:5 :

Annotations:
D:2 Pikel
D:3 3 runed translucent doors, drewk1942's ghost, amateur GnWn


Innate Abilities, Weirdness & Mutations

You can breathe waves of freezing cold which knock back foes.
Your icy white scales are hard. (AC +6)
You cannot fit into any form of body armour.
Your flesh is cold resistant. (rC+)
You are cold-blooded and may be slowed by cold attacks.


Message History

Pikel hits you with a +1 whip of flaming!
Pikel burns you. The lemure barely misses you.
You slash the lemure!
Your tail-slap misses the lemure.
The lemure is heavily wounded.
Pikel barely misses you. The lemure closely misses you.
You closely miss the lemure.
You tail-slap the lemure, but do no damage.
The lemure is severely wounded.
Pikel hits you with a +1 whip of flaming.
Pikel burns you. The lemure hits you.
You hit the lemure. You burn the lemure.
Your tail-slap misses the lemure.
The lemure is almost dead.
You kill the lemure!
That felt strangely unrewarding.
Pikel hits you with a +1 whip of flaming.
Pikel burns you.
You hit Pikel but do no damage.
Your tail-slap misses Pikel.
Your punch misses Pikel.
Pikel is lightly wounded.
Pikel closely misses you.
You feel very mighty all of a sudden.
Pikel hits you with a +1 whip of flaming.
* * * LOW HITPOINT WARNING * * *
Pikel burns you.
* * * LOW HITPOINT WARNING * * *
You slash Pikel!
Pikel seems to slow down.
Pikel is heavily wounded.
Pikel hits you with a +1 whip of flaming!
* * * LOW HITPOINT WARNING * * *
Pikel burns you.
* * * LOW HITPOINT WARNING * * *
You closely miss Pikel.
Pikel is heavily wounded.
You closely miss Pikel.
Pikel is heavily wounded.
Pikel hits you with a +1 whip of flaming.
* * * LOW HITPOINT WARNING * * *
Pikel burns you.
You die...
Xom titters!

.# ##'## #..# .# #.#
##.#
.######.######## #.#
#....<#.#......# #.#
#.###.....####.# #.#
#.# #.....# #.# #.#
#.###.....####.# #.#
#..............###.#
...##.###.###..K@..#
#.###.# #.####.#####
#>....# #......#
####### ########


You could see Pikel (slow).

Vanquished Creatures
  Sigmund (D:3)
  A steam dragon (D:4)
  A black bear (D:4)
  A lemure (D:2)
  A howler monkey (D:4)
  A jelly (D:5)
  Jessica (D:2)
  An iguana (D:5)
  Terence (D:3)
  4 adders
  An ufetubus (D:2)
  A worm (D:4)
  2 dart slugs
  7 orcs
  11 ball pythons
  5 bats
  7 endoplasms
  2 giant cockroaches (D:2)
  5 goblins
  8 hobgoblins
  A jackal (D:1)
  6 quokkas
  2 frilled lizards (D:1)
  7 kobolds
  5 rats
  A spectral hobgoblin (D:3)
84 creatures vanquished.

Vanquished Creatures (collateral kills)
  A lemure (D:5)
1 creature vanquished.

Grand Total: 85 creatures vanquished

Notes
Turn   | Place    | Note
-------+----------+-------------------------------------------
     0 | D:1      | Laraso the Draconian Chaos Knight began the quest for the
                  | Orb.
     0 | D:1      | Reached XP level 1. HP: 19/19 MP: 1/1
   112 | D:1      | Reached XP level 2. HP: 23/26 MP: 2/2
   182 | D:1      | XOM: silly message
   221 | D:1      | XOM: silly message
   376 | D:1      | XOM: divination: detect items
   748 | D:2      | Reached XP level 3. HP: 30/31 MP: 3/3
   953 | D:2      | Reached skill level 4 in Long Blades
  1244 | D:2      | Noticed Jessica
  1247 | D:2      | Killed Jessica
  1248 | D:2      | Reached XP level 4. HP: 33/38 MP: 4/4
  1555 | D:2      | XOM: noise
  1658 | D:3      | Found a runed translucent gate.
  1659 | D:3      | Found a runed translucent gate.
  1660 | D:3      | Found a runed translucent gate.
  1763 | D:3      | Found a faded altar of an unknown god.
  1825 | D:3      | Found a hazy altar of Hepliaklqana.
  1858 | D:3      | Noticed Sigmund
  1859 | D:3      | XOM: potion effect (might)
  1865 | D:3      | XOM: potion effect (invisibility)
  1872 | D:3      | Killed Sigmund
  1873 | D:3      | Reached skill level 5 in Long Blades
  1873 | D:3      | Reached XP level 5. HP: 45/45 MP: 5/5
  1877 | D:3      | Reached XP level 6. HP: 51/51 MP: 6/6
  1949 | D:3      | XOM: cloud trail
  1990 | D:3      | Noticed Terence
  1995 | D:3      | Killed Terence
  2178 | D:3      | Noticed drewk1942's ghost (amateur GnWn)
  2212 | D:4      | Noticed a steam dragon
  2230 | D:4      | Killed a steam dragon
  2231 | D:4      | Reached skill level 6 in Long Blades
  2234 | D:4      | XOM: confusion (+ monsters)
  2260 | D:4      | Your scales start taking on an icy white colour.
  2260 | D:4      | Reached XP level 7. HP: 13/57 MP: 7/7
  2260 | D:4      | Gained mutation: Your flesh is cold resistant. (rC+) [White
                  | Draconian growth]
  2543 | D:4      | Reached skill level 7 in Long Blades
  2553 | D:4      | XOM: god gift: potion of curing
  2586 | D:4      | XOM: scenery: summon butterflies
  2767 | D:4      | XOM: silly message
  2808 | D:4      | Found a radiant altar of Vehumet.
  2909 | D:5      | Entered Level 5 of the Dungeon
  2909 | D:5      | Found Geyduxt's Book Boutique.
  2938 | D:5      | Noticed Pikel
  2946 | D:5      | Identified a scroll of acquirement
  2946 | D:5      | Acquired a +2 great sword of freezing
  2946 | D:5      | XOM: summons friendly white imp
  2972 | D:5      | XOM: potion effect (haste)
  2975 | D:5      | XOM: confuse monster(s)
  3203 | D:4      | XOM: polymorph Pikel -> Pikel
  3225 | D:2      | HP: 2/57 [Pikel/+1 whip of flaming (3)]
  3225 | D:2      | Slain by Pikel

Illustrated notes

Levels and vault maps discovered:
D:1:      amcnicky_arrival_blooded_trapdoor, layout_basic
D:2:      layout_loops_corners, chequers_serial_rivers_room_a, st_stairs_7,
          nicolae_concentric_dashed_squares_wild, uniq_jessica
D:3:      layout_rooms, nicolae_hepliaklqana_monster_ancestors,
          shapermc_ecumenical_altar_acropolis, gammafunk_ghost_icy,
          uniq_sigmund, uniq_terence
D:4:      layout_rooms, mainiacjoe_overflow_six_doors_small,
          minmay_misc_feat_rugged, grunt_ministairs_11, minmay_fractal_squares_5
D:5:      layout_rooms, mainiacjoe_overflow_alcove_1, serial_shops,
          nicolae_stop_n_shop_2, minmay_misc_feat_roman, uniq_prince_ribbit1,
          uniq_pikel

Skill      XL: |  1  2  3  4  5  6  7 |
---------------+----------------------+-----
Long Blades    | 4 5 6 7 |  7.1
Dodging        | 3 4 |  4.6
Fighting       | |  3.2

Action                     |  1- 3 |  4- 6 |  7- 9 || total
---------------------------+-------+-------+-------++-------
  Melee: Falchion          |    86 |    94 |    48 ||   228
         Tailslap          |    13 |    16 |     4 ||    33
         Punch             |       |     1 |       ||     1
Ability: Breathe Frost     |       |       |    11 ||    11
    Use: Scroll            |     4 |     5 |     6 ||    15
         Potion            |       |     5 |     1 ||     6
   Stab: Sleeping          |     1 |     1 |       ||     2
         Paralysed         |       |     1 |       ||     1
 Armour: Skin              |    30 |    45 |    25 ||   100
  Dodge: Dodged            |    49 |    81 |    46 ||   176

Table legend: (Time is in decaauts)
 A = Elapsed time spent in this place.
 B = Non-inter-level travel time spent in this place.
 C = Inter-level travel time spent in this place.
 D = Time resting spent in this place.
 E = Time spent auto-exploring this place.
 F = Levels seen in this place.
 G = Mean time per level.
                   A        B        C        D        E       F      G
               +--------+--------+--------+--------+--------+-----+--------+
         Total |   3206 |   3077 |    129 |    406 |   1975 |   5 |  641.2 |
       Dungeon |   3206 |   3077 |    129 |    406 |   1975 |   5 |  641.2 |
               +--------+--------+--------+--------+--------+-----+--------+

Top non-repeatable levels by time:
     D:2: 1079 daAuts
     D:3: 795 daAuts
     D:1: 723 daAuts
     D:4: 535 daAuts
     D:5: 71 daAuts
